 Dungeon Crawl Stone Soup version 0.31-a0-319-g4fced400ed (webtiles) character file.

Game seed: 12874499397552396767

104235 ragingrage the Brawler (level 15, -12/163 (169) HPs)
             Began as a Troll Shapeshifter on July 17, 2023.
             Was the Champion of Ru.
             Mangled by a spark wasp (27 damage)
             ... on level 2 of the Spider Nest.
             The game lasted 00:39:13 (26062 turns).

ragingrage the Brawler (Troll Shapeshifter)        Turns: 26062, Time: 00:39:13

HP:   -12/163 (169) AC:  5    Str: 33    XL:     15   Next: 91%
MP:   14/14         EV:  9    Int:  4    God:    Ru [******]
Gold: 507           SH:  0    Dex: 10    Spells: 14/14 levels left

rFire   . .          .
                       - Unarmed
rCold   . . .        (shield unavailable)
rNeg    . . .        P - melded +1 robe {Will+}
rPois   +            (helmet restricted)
rElec   .            y - +2 cloak
rCorr   .            (gloves unavailable)
SInv    .            (boots unavailable)
Will    +....        j - amulet of the acrobat Stlth
                     (ring unavailable)
HPRegen 1.27/turn    X - ring of poison resistance
MPRegen 0.14/turn

%: acrobat
@: exhausted, maw-form, lightly drained
A: devouring maw, large, unfitting armour, claws 3, regeneration 1, shaggy fur
1, tough skin 1, missing a hand, no stealth, inability to train dodging,
inability to train armour
a: Begin Untransformation, Renounce Religion, Draw Out Power, Power Leap,
Apocalypse


You were on level 2 of the Spider Nest.
You worshipped Ru.
Ru was exalted by your worship.
You were a creature with a mouth for a stomach.
You visited 5 branches of the dungeon, and saw 25 of its levels.
You also visited: Volcano.

You collected 2313 gold pieces.
You spent 1806 gold pieces at shops.

Inventory:

Missiles
 a - 7 curare-tipped darts
 b - 5 javelins
 p - 2 silver javelins
 t - 9 atropa-tipped darts
 z - 3 boomerangs of dispersal
 A - 24 poisoned darts (quivered)
 M - 35 large rocks
 Z - 8 boomerangs
Armour
 y - a +2 cloak (worn)
 P - a +1 robe of willpower (melded)
Jewellery
 j - an amulet of the acrobat (around neck)
 l - a +4 ring of protection
 s - a ring of positive energy
 v - a ring of ice
 E - a ring of protection from fire
 N - a ring of willpower
 X - a ring of poison resistance (right claw)
Talismans
 B - a serpent talisman
 T - a maw talisman
Wands
 F - a wand of polymorph (13)
 J - a wand of charming (38)
 L - a wand of light (12)
 R - a wand of mindburst (6)
 V - a wand of flame (24)
Scrolls
 e - 5 scrolls of revelation
 f - 3 scrolls of poison
 g - 2 scrolls of summoning
 m - 2 scrolls of enchant armour
 n - 2 scrolls of fear
 o - 4 scrolls of blinking
 q - 3 scrolls of teleportation
 u - 2 scrolls of silence
 C - 6 scrolls of vulnerability
 D - 3 scrolls of immolation
 S - a scroll of torment {unknown}
 W - 3 scrolls of identify
 Y - a scroll of acquirement
Potions
 c - a potion of experience {unknown}
 d - 4 potions of haste {unknown}
 h - 3 potions of ambrosia {unknown}
 i - 7 potions of attraction
 k - 7 potions of curing
 r - 2 potions of resistance
 w - 4 potions of mutation
 x - 4 potions of lignification
 H - 5 potions of might
 I - 3 potions of enlightenment
 K - 4 potions of cancellation
 O - 8 potions of heal wounds
 Q - a potion of magic {unknown}
 U - a potion of brilliance {unknown}
Miscellaneous
 G - a piece from Xom's chessboard (15/15)


   Skills:
 + Level 15.8 Fighting
 + Level 8.6 Throwing
 - Level 18.0 Unarmed Combat
 - Level 6.0 Evocations
 - Level 9.0 Shapeshifting


You had 14 spell levels left.
You didn't know any spells.
Your spell library contained the following spells:

 Spells                   Type           Power      Damage    Failure   Level
 Apportation              Tloc           0%         N/A       50%         1
 Blink                    Tloc           0%         N/A       65%         2
 Cigotuvi's Dreadful Rot  Necr/Pois/Air  0%         N/A       65%         2
 Lesser Beckoning         Tloc           0%         N/A       65%         2
 Momentum Strike          Conj/Tloc      0%         3d8       65%         2
 Frozen Ramparts          Ice            0%         1d1       86%         3
 Gell's Gravitas          Tloc           0%         N/A       86%         3
 Ignite Poison            Fire/Tmut/Pois 0%         N/A       86%         3
 Teleport Other           Tloc           0%         N/A       86%         3
 Vhi's Electric Charge    Tloc/Air       0%         N/A       86%         3
 Volatile Blastmotes      Fire/Tloc      0%         2d10      86%         3
 Fulminant Prism          Conj/Hex       0%         3d5       99%         4
 Iskenderun's Mystic Bla  Conj/Tloc      0%         2d3       99%         4
 Olgreb's Toxic Radiance  Pois           0%         N/A       99%         4
 Petrify                  Tmut/Erth      0%         N/A       99%         4
 Alistair's Intoxication  Tmut/Pois      0%         N/A       100%        5
 Arcjolt                  Conj/Air       0%         1d10      100%        5
 Freezing Cloud           Conj/Ice/Air   0%         6-21      100%        5
 Metabolic Englaciation   Hex/Ice        0%         N/A       100%        5
 Discord                  Hex            0%         N/A       100%        8
 Ignition                 Fire           0%         3d3       100%        8
 Maxwell's Capacitive Co  Air            0%         ∞         100%        8


Dungeon Overview and Level Annotations

Branches:
Dungeon (15/15)            Temple (1/1) D:5            Lair (5/5) D:11
 Shoals (0/4) Lair:3       Spider (2/4) Lair:2        Slime (0/5) Lair:5
    Orc (2/2) D:9             Elf (0/3) Orc:2        Vaults (0/5) D:14
 Depths (0/4) D:15        Volcano (visited)

Altars:
Ashenzari
Cheibriados
Dithmenos
Elyvilon
Fedhas
Gozag
Hepliaklqana
Kikubaaqudgha
Makhleb
Nemelex Xobeh
Okawaru
Qazlal
Ru
Sif Muna
Trog
Uskayaw
Vehumet
Wu Jian
Xom
Yredelemnul
Zin
The Shining One
Jiyva

Shops:
D:5 *   D:7 [   D:8 *   Orc:1 :   Orc:2 !==(?


Innate Abilities, Weirdness & Mutations

You are a creature with a mouth for a stomach.
Your midsection houses a second, enormous mouth.
You are too large for most types of armour.
You have claws for hands.
Your natural rate of healing is unusually fast.
You are covered in fur. (AC +1)
You have tough skin. (AC +1)
You are missing a hand.
You cannot be stealthy.
You cannot train Dodging skill.
You cannot train Armour skill.


Message History

The tarantella barely misses you.
The orb spider begins to attack, but is stunned by your conviction!
You closely miss the spark wasp. You bite the spark wasp!
The spark wasp stings you!! The spark wasp shocks you!
You focus your inner power and blind the spark wasp in retribution!
The tarantella touches you but does no damage.
The tarantella attacks as you move away!
The tarantella touches you.
The spark wasp begins to attack, but is stunned by your conviction!
Okay, then.
You closely miss the tarantella.
The tarantella touches you but does no damage.
Throw: 6 javelins
Press: ? - help, Shift-Dir - straight line, f - tarantella
Aim: a tarantella (almost dead, 54% to hit)
You throw a javelin.
The javelin pierces through the tarantella!!!
You kill the tarantella!
The javelin closely misses the spark wasp.
The spark wasp stings you!
* * * LOW HITPOINT WARNING * * *
The spark wasp shocks you!
* * * LOW HITPOINT WARNING * * *
You focus your inner power and illuminate the spark wasp in retribution!
You claw the spark wasp! The spark wasp stings you!
* * * LOW HITPOINT WARNING * * *
The spark wasp shocks you!
* * * LOW HITPOINT WARNING * * *
You feel much better.
The spark wasp begins to attack, but is stunned by your conviction!
Aiming: Charm
Press: ? - help, Shift-Dir - straight line, f - spark wasp
Aim: a spark wasp (lightly wounded, blind, softly glowing, chance to affect: 47%)
The spark wasp resists with some effort.
The spark wasp stings you.
* * * LOW HITPOINT WARNING * * *
The spark wasp shocks you!
* * * LOW HITPOINT WARNING * * *
The spark wasp stings you!!
You die...

##..#..#.).##
#..######...##
#^..#
###..######
##...#
#........#
#...##
#........#
#..##
##.##....#
#..# ######..#
..## ####..##
^..# #syW.##
..## #s#### ..
#.# #. #..
#^.. #....
#...§s #^#..#.
#.#....#


You could see a spark wasp (blind, corona) and 2 orb spiders.

Vanquished Creatures
  An orc warlord (Orc:1)
  An ironbound preserver (D:14)
  Fannar (Orc:1)
  The ghost of HallandMoats the Fighter, a journeyman DsFi of Qazlal (D:11)
  9 centaur warriors
  The ghost of zazu2006 the Ducker, a journeyman GnWn of Vehumet (Lair:1)
  A hydra (Lair:5)
  An ogre mage (Orc:2)
  A catoblepas (Lair:5)
  The ghost of epsilonplus the Mimic, a novice DrSh of Okawaru (D:10)
  A death knight (D:14)
  5 two-headed ogres
  4 boulder beetles
  A vampire mage (D:15)
  A tengu warrior (D:15)
  8 death yaks (Lair:4)
  Nergalle (Orc:2)
  A hell knight (Volcano)
  7 skeletal warriors
  A skyshark (Lair:4)
  An orb spider (Spider:2)
  5 wolf spider zombies (Spider:1)
  A tengu zombie (D:15)
  3 orc knights
  2 necromancers
  A stone giant zombie (D:15)
  A wolf spider (Lair:5)
  A deep elf pyromancer (D:14)
  9 orc sorcerers
  24 ugly things
  3 manticores
  6 cyclopes
  11 elephants (Lair:5)
  A guardian serpent (Lair:5)
  6 black mambas
  A guardian serpent (shapeshifter) (D:15)
  2 molten gargoyles (Volcano)
  13 cane toads
  A torpor snail (Lair:1)
  A gargoyle (D:12)
  An unseen horror (D:10)
  Psyche (D:8)
  A yaktaur (Volcano)
  3 rime drakes
  An ice devil (D:11)
  6 redback zombies (Spider:1)
  4 tengu conjurers
  A spriggan skeleton (D:15)
  6 komodo dragons
  The ghost of XomNomNom the Trooper, an amateur HOMo of Beogh (D:4)
  A meliai (shapeshifter) (D:15)
  4 hornets
  3 meliai (D:15)
  A queen bee (D:9)
  4 trolls
  Prince Ribbit (D:5)
  A wind drake (Lair:3)
  A tarantella (Spider:2)
  4 polar bears
  6 culicivora zombies (Spider:1)
  A spriggan zombie (D:15)
  9 blink frogs (Lair:3)
  8 tarantella zombies (Spider:1)
  2 centaur simulacra (D:11)
  4 slime creatures
  3 culicivoras (Lair:2)
  15 wyverns
  57 yaks
  2 wraiths (D:11)
  5 vampires
  2 shadows
  2 fire bats (Volcano)
  2 steam dragons
  6 vampire mosquitoes
  Menkaure (D:5)
  4 redbacks (Lair:5)
  29 water moccasins
  7 wargs
  An acid dragon (D:14)
  Duvessa (D:5)
  7 orc warriors
  7 ice beasts
  2 sky beasts
  5 boggarts (D:14)
  6 ogres
  11 wolves
  16 centaurs
  10 bullfrogs
  2 kobold brigands
  A gnoll sergeant (D:10)
  5 scorpions
  12 wights
  Dowan (D:5)
  22 killer bees
  6 electric eels
  3 vampire bats (Orc:1)
  6 howler monkeys
  4 lava snakes (Volcano)
  2 jellies
  A gnoll bouda (D:9)
  14 orc priests
  Crazy Yiuf (D:3)
  3 hounds
  A sleepcap (D:6)
  Ijyb (D:5)
  5 hell rats (Lair:2)
  An iguana (D:6)
  33 orc wizards
  Natasha (thrice) (D:2)
  A human simulacrum (D:10)
  A boggart simulacrum (D:11)
  8 adders
  7 gnolls
  A shadow imp (D:8)
  4 white imps
  An ufetubus (D:5)
  2 worms
  3 dart slugs (D:2)
  58 orcs
  4 endoplasms
  5 giant cockroaches
  8 goblins
  11 hobgoblins
  5 jackals
  4 quokkas
  10 ball pythons
  10 bats
  5 frilled lizards
  19 kobolds
  7 rats
718 creatures vanquished.

Vanquished Creatures (others)
  A hydra (Lair:3)
  2 cane toads
  An electric eel (D:7)
  An orc wizard (D:4)
  A human simulacrum (D:10)
  2 orcs
8 creatures vanquished.

Grand Total: 726 creatures vanquished

Notes
Turn   | Place    | Note
-------+----------+-------------------------------------------
     0 | D:1      | ragingrage the Troll Shapeshifter began the quest for the
                  | Orb.
     0 | D:1      | Reached XP level 1. HP: 19/19 MP: 0/0
   219 | D:1      | Reached XP level 2. HP: 27/27 MP: 1/1
   956 | D:2      | Reached XP level 3. HP: 33/33 MP: 2/2
   991 | D:2      | Reached skill level 3 in Unarmed Combat
  1156 | D:2      | Noticed Natasha
  1157 | D:2      | Killed Natasha
  1158 | D:2      | Reached XP level 4. HP: 41/41 MP: 3/3
  1547 | D:2      | Found a faded altar of an unknown god.
  2024 | D:2      | Noticed Natasha
  2038 | D:2      | Killed Natasha
  2645 | D:2      | Noticed Natasha
  2655 | D:2      | Killed Natasha
  2656 | D:2      | Reached skill level 4 in Unarmed Combat
  2656 | D:2      | Reached XP level 5. HP: 43/48 MP: 4/4
  3519 | D:3      | Found a runed translucent door.
  3520 | D:3      | Noticed Crazy Yiuf
  3564 | D:4      | Found a runed translucent gate.
  3565 | D:4      | Found a runed translucent gate.
  3566 | D:4      | Found a runed translucent gate.
  3640 | D:4      | Found a sparkling altar of Nemelex Xobeh.
  4001 | D:4      | Noticed XomNomNom's ghost (amateur HOMo)
  4084 | D:4      | Reached XP level 6. HP: 55/55 MP: 5/5
  4228 | D:4      | Reached skill level 5 in Unarmed Combat
  4698 | D:4      | Found a sacrificial altar of Ru.
  4699 | D:4      | Found a hide-covered altar of Uskayaw.
  5354 | D:5      | Entered Level 5 of the Dungeon
  5374 | D:5      | Found a staircase to the Ecumenical Temple.
  5381 | Temple   | Entered the Ecumenical Temple
  5424 | D:5      | Reached skill level 5 in Shapeshifting
  5450 | D:5      | Reached XP level 7. HP: 62/62 MP: 6/6
  5525 | D:5      | Noticed Prince Ribbit
  5567 | D:5      | Killed Prince Ribbit
  5568 | D:5      | Reached skill level 6 in Unarmed Combat
  5596 | D:4      | Became a worshipper of Ru the Awakened
  5612 | D:5      | Noticed Ijyb
  5654 | D:5      | Killed Ijyb
  5865 | D:5      | Noticed Duvessa
  5871 | D:5      | Noticed Dowan
  5880 | D:5      | Killed Duvessa
  5888 | D:5      | Killed Dowan
  5915 | D:5      | Found Gudediq's General Store.
  5925 | D:5      | Bought a potion of might for 56 gold pieces
  5969 | D:5      | Reached XP level 8. HP: 70/70 MP: 7/7
  6005 | D:5      | Noticed Menkaure
  6011 | D:5      | Killed Menkaure
  6012 | D:5      | Reached skill level 7 in Unarmed Combat
  6576 | D:6      | Reached skill level 8 in Unarmed Combat
  6846 | D:6      | Gained mutation: You cannot train Armour skill. [Ru
                  | sacrifice]
  6846 | D:6      | Reached * piety under Ru
  7063 | D:7      | Reached XP level 9. HP: 69/76 MP: 8/8
  7079 | D:7      | Found Ograemeoc's Antique Armour Emporium.
  7108 | D:7      | Identified the +11 scimitar of Defence by Offence {heavy,
                  | rElec Str+3}
  7152 | D:7      | Found a burning altar of Makhleb.
  7189 | D:7      | Found an opulent altar of Gozag.
  7214 | D:7      | Reached skill level 9 in Unarmed Combat
  7467 | D:7      | Found a basalt altar of Yredelemnul.
  7470 | D:7      | Noticed a profane servitor
  7569 | D:7      | Found a glowing golden altar of the Shining One.
  7571 | D:7      | Noticed an angel
  7876 | D:9      | Noticed a cyclops
  7885 | D:9      | Killed a cyclops
  7967 | D:9      | Reached skill level 10 in Unarmed Combat
  8029 | D:9      | Found a staircase to the Orcish Mines.
  8089 | D:9      | Reached skill level 1 in Throwing
  8144 | D:8      | Found Secif's General Store.
  8149 | D:8      | Bought a potion of heal wounds for 70 gold pieces
  8199 | D:8      | Reached XP level 10. HP: 75/85 MP: 9/9
  8303 | D:8      | Paralysed by a hornet for 3 turns
  8483 | D:8      | Found an iron altar of Okawaru.
  8516 | D:8      | Noticed Psyche
  8523 | D:8      | Killed Psyche
  8549 | D:8      | Reached skill level 11 in Unarmed Combat
  9065 | D:9      | Gained mutation: You cannot train Dodging skill. [Ru
                  | sacrifice]
  9065 | D:9      | Reached ** piety under Ru
  9065 | D:9      | Reached *** piety under Ru
  9695 | D:10     | Entered Level 10 of the Dungeon
  9756 | D:11     | Found a runed translucent gate.
  9826 | D:10     | Reached skill level 1 in Evocations
  9931 | D:10     | Found a runed translucent gate.
  9933 | D:10     | Found a runed translucent gate.
  9936 | D:10     | Noticed epsilonplus's ghost (novice DrSh)
  9938 | D:10     | Found a runed translucent gate.
 10437 | D:10     | Reached XP level 11. HP: 97/97 MP: 10/10
 10729 | D:11     | Found a runed translucent gate.
 10730 | D:11     | Found a runed translucent gate.
 10839 | D:11     | Reached skill level 12 in Unarmed Combat
 11041 | D:11     | Noticed a two-headed ogre
 11121 | D:11     | Noticed HallandMoats's ghost (journeyman DsFi)
 11143 | D:11     | Found a staircase to the Lair.
 11576 | Lair:1   | Entered Level 1 of the Lair of Beasts
 11582 | Lair:1   | Gained mutation: You cannot be stealthy. [Ru sacrifice]
 11582 | Lair:1   | Reached **** piety under Ru
 11682 | D:11     | Reached skill level 5 in Fighting
 11801 | Lair:1   | Noticed a boulder beetle
 11813 | Lair:1   | Killed a boulder beetle
 11817 | Lair:1   | Reached skill level 13 in Unarmed Combat
 12093 | Lair:1   | Found a runed translucent door.
 12103 | Lair:1   | Noticed zazu2006's ghost (journeyman GnWn)
 12821 | Lair:2   | Reached XP level 12. HP: 106/115 MP: 11/11
 13120 | Lair:2   | Reached skill level 14 in Unarmed Combat
 13268 | Lair:2   | Gained mutation: You are missing a hand. [Ru sacrifice]
 13268 | Lair:2   | Reached ***** piety under Ru
 13268 | Lair:2   | Reached ****** piety under Ru
 13587 | Lair:2   | Found a hole to the Spider Nest.
 14229 | Lair:3   | Noticed a six-headed hydra
 14374 | Lair:3   | Found a dark tunnel.
 14394 | Volcano  | Entered a volcano
 14488 | Volcano  | Reached skill level 10 in Fighting
 14508 | Volcano  | Found a radiant altar of Vehumet.
 14508 | Volcano  | Noticed a centaur warrior
 14513 | Volcano  | Killed a centaur warrior
 14782 | Lair:3   | Found a staircase to the Shoals.
 15155 | D:5      | Bought a scroll of acquirement for 728 gold pieces
 15155 | D:5      | Bought a potion of mutation for 112 gold pieces
 15155 | D:5      | Acquired a manual of Fighting
 15410 | Lair:4   | Reached XP level 13. HP: 133/133 MP: 12/12
 16403 | Lair:5   | Entered Level 5 of the Lair of Beasts
 16455 | Lair:5   | Reached skill level 5 in Evocations
 16529 | Lair:5   | Reached skill level 15 in Unarmed Combat
 16666 | Lair:5   | Found a runed translucent door.
 16666 | Lair:5   | Found a viscous altar of Jiyva.
 16666 | Lair:5   | Found a staircase to the Slime Pits.
 16829 | Lair:5   | Paralysed by a hornet for 1 turns
 17106 | Lair:5   | Paralysed by a hornet for 1 turns
 17403 | Lair:5   | Reached XP level 14. HP: 153/153 MP: 13/13
 17659 | Lair:5   | Reached skill level 16 in Unarmed Combat
 18210 | Lair:1   | Killed zazu2006's ghost
 18437 | D:3      | Killed Crazy Yiuf
 18498 | D:4      | Killed XomNomNom's ghost
 18881 | D:10     | Killed epsilonplus's ghost
 19120 | D:11     | Killed HallandMoats's ghost
 19140 | D:11     | Got the ring "Turinit" {Fire rN+ Int+2}
 19209 | Orc:1    | Entered Level 1 of the Orcish Mines
 19226 | Orc:1    | Noticed an orc warlord
 19236 | Orc:1    | Killed an orc warlord
 19284 | Orc:1    | You fall into a shaft and drop 1 floor!
 19284 | Orc:2    | Entered Level 2 of the Orcish Mines
 19284 | Orc:2    | Found Doprat's Jewellery Shop.
 19558 | Orc:1    | Found Forgh's Self-Improvement Boutique.
 19659 | Orc:1    | Noticed Fannar
 19693 | Orc:1    | Killed Fannar
 20195 | Orc:2    | Found a staircase to the Elven Halls.
 20383 | Orc:2    | Found Neanism's Distillery.
 20393 | Orc:2    | Bought a potion of resistance for 130 gold pieces
 20406 | Orc:2    | Found an ancient bone altar of Kikubaaqudgha.
 20407 | Orc:2    | Noticed Nergalle
 20409 | Orc:2    | Killed Nergalle
 20473 | Orc:2    | Found Iciugo's Antique Weapon Shop.
 20476 | Orc:2    | Found Fappobof's Jewellery Boutique.
 20479 | Orc:2    | Found a radiant altar of Vehumet.
 20554 | Orc:2    | Found Hirphehi's Magic Scroll Shop.
 20565 | Orc:2    | Bought a scroll of immolation for 40 gold pieces
 20565 | Orc:2    | Bought a scroll of teleportation for 30 gold pieces
 20574 | Orc:2    | Bought a maw talisman for 640 gold pieces
 21066 | D:12     | Found a stormy altar of Qazlal.
 21093 | D:12     | Reached skill level 17 in Unarmed Combat
 22129 | D:13     | Found a blossoming altar of Fedhas.
 22750 | D:14     | Found a gate to the Vaults.
 22750 | D:14     | Noticed an ironbound preserver
 22756 | D:14     | Killed an ironbound preserver
 22757 | D:14     | Reached skill level 18 in Unarmed Combat
 22855 | D:14     | Reached XP level 15. HP: 117/158 MP: 14/14
 22909 | D:14     | Reached skill level 5 in Throwing
 23620 | D:15     | Entered Level 15 of the Dungeon
 23626 | D:15     | Reached skill level 15 in Fighting
 24514 | D:15     | Found a staircase to the Depths.
 25555 | Spider:1 | Entered Level 1 of the Spider Nest
 26023 | Spider:2 | Identified the +9 battleaxe of the Smoking Wolf {drain,
                  | rElec rPois rC- rCorr}
 26060 | Spider:2 | HP: 2/163 [spark wasp (17)]
 26062 | Spider:2 | Mangled by a spark wasp

Illustrated notes

Levels and vault maps discovered:
D:1:      dpeg_arrival_arbitrary_c, layout_basic
D:2:      layout_basic, shapermc_ecumenical_altar_mp_ritualfount,
          kennysheep_potato, uniq_natasha
D:3:      layout_basic, uniq_crazy_yiuf_cottage
D:4:      mumra_celtic_spiral_tile, layout_gridville,
          nicolae_overflow_hidden_temple, nemelex_spade_bored_becter,
          gammafunk_ghost_nasty_kobolds, minmay_increasing_density
D:5:      layout_basic, minmay_temple_entry_gardened_gates, serial_shops,
          nicolae_shop_statue_plus, hellmonk_bongcloud_opening, uniq_duvessa,
          uniq_ijyb, uniq_menkaure, uniq_prince_ribbit1
D:6:      layout_cave_pools, chequers_serial_rivers_micro_e,
          minmay_parallelograms, kennysheep_generic_room_7
D:7:      layout_basic, grunt_temple_overflow_holy_war,
          grunt_temple_overflow_open, serial_shops, shop, serial_bayou_lagoon_b
D:8:      layout_rooms, mainiacjoe_overflow_concentric_impassable, serial_shops,
          kennysheep_little_box, grunt_ministairs_1, st_stairs_5,
          serial_bayou_lagoon_a, chequers_serial_rivers_marsh,
          corexii_corridor_pit, uniq_psyche
D:9:      layout_loops_ring, david_orc_3, nicolae_looking_at_the_future
D:10:     layout_basic, ebering_ghost_rock_garden, bh_circular_ruins
D:11:     layout_gridville, erik_lair_orcish_takeover, gammafunk_ghost_icy
D:12:     layout_loops_ring, nicolae_qazlal_general_emergency
D:13:     layout_irregular_city, fedhas_bush_and_centaur_altar
D:14:     layout_roguey, skrybe_vaults_entry_preservation, minmay_misc_feat_x
D:15:     gammafunk_depths_entry_grave, layout_grid_maze,
          minmay_misc_feat_enclosed
Temple:   nicolae_temple_bog_church
Lair:1:   layout_regular_city, ebering_ghost_reflecting_pool,
          grunt_megastairs_1, serial_bayou_shore_a
Lair:2:   layout_regular_city, hellmonk_spider_entry_life_and_decay,
          lemuel_fruit_fields
Lair:3:   layout_small_grid, minmay_shoals_entry_beasts, enter_volcano_2
Lair:4:   layout_cave_pods, serial_bayou_shore_b
Lair:5:   hangedman_lair_tendril_chambers, layout_hall_layers, slime_entry_2,
          nicolae_quartered_pool_little, pdpol_lair_neglected_garden,
          minmay_stone_trees_small
Spider:1: lemuel_spider_zombies, uniq_josephine
Spider:2: cheibrodos_forgotten_conduit
Orc:1:    layout_caves, serial_shops, roderic_batcave, nicolae_shop_self_help,
          uniq_fannar
Orc:2:    kennysheep_orc_mage_school, layout_caves, serial_shops, shop

Skill      XL: |  1  2  3  4  5  6  7  8  9 10 11 12 13 14 15 |
---------------+----------------------------------------------+-----
Unarmed Combat | 3 4 5 6 8 10 11 13 14 15 18 | 18.0
Shapeshifting  | 4 5 6 7 8 9 |  9.0
Throwing       | 2 4 8 |  8.6
Dodging        | 0 |  0.0
Fighting       | 3 6 10 13 14 15 | 15.8
Evocations     | 2 3 5 6 |  6.0

Action                     |  1- 3 |  4- 6 |  7- 9 | 10-12 | 13-15 || total
---------------------------+-------+-------+-------+-------+-------++-------
  Melee: Unarmed           |    71 |   158 |   195 |   505 |   887 ||  1816
         Punch             |     2 |     5 |     9 |       |       ||    16
         Constrict         |       |       |       |   104 |    82 ||   186
         Maw               |       |       |       |       |   122 ||   122
  Throw: Dart              |       |       |       |     3 |     7 ||    10
         Javelin           |       |       |       |       |     1 ||     1
 Invoke: Sacrifice Durabil |       |       |     1 |       |       ||     1
         Sacrifice Nimblen |       |       |       |     1 |       ||     1
         Power Leap        |       |       |       |     6 |     3 ||     9
         Sacrifice Stealth |       |       |       |     1 |       ||     1
         Apocalypse        |       |       |       |     1 |     9 ||    10
         Sacrifice a Hand  |       |       |       |     1 |       ||     1
         Draw Out Power    |       |       |       |       |     1 ||     1
Ability: Begin Untransform |       |       |       |       |     1 ||     1
  Evoke: Wand              |       |       |       |       |     1 ||     1
    Use: Scroll            |       |       |     4 |    15 |     4 ||    23
         Potion            |       |       |       |       |     2 ||     2
   Stab: Sleeping          |     1 |       |     1 |       |       ||     2
         Distracted        |       |     1 |       |       |     7 ||     8
         Invisible         |       |       |       |     3 |     5 ||     8
         Paralysed         |       |       |       |     5 |    19 ||    24
 Armour: Animal skin       |    21 |    33 |    27 |     6 |       ||    87
         Skin              |       |       |       |   136 |   223 ||   359
  Dodge: Dodged            |    37 |    86 |   108 |   264 |   319 ||   814
   Form: Anaconda          |       |       |       |     3 |     4 ||     7
                           |       |       |       |     2 |       ||     2
         Maw               |       |       |       |       |     6 ||     6

Table legend: (Time is in decaauts)
 A = Elapsed time spent in this place.
 B = Non-inter-level travel time spent in this place.
 C = Inter-level travel time spent in this place.
 D = Time resting spent in this place.
 E = Time spent auto-exploring this place.
 F = Levels seen in this place.
 G = Mean time per level.
                   A        B        C        D        E       F      G
               +--------+--------+--------+--------+--------+-----+--------+
         Total |  25672 |  22501 |   3171 |   3048 |  15042 |  26 |  987.4 |
       Dungeon |  16899 |  14712 |   2187 |   1890 |  10223 |  15 | 1126.6 |
        Temple |      1 |      1 |      0 |      0 |      0 |   1 |    1.0 |
          Lair |   6176 |   5555 |    621 |    790 |   3687 |   5 | 1235.2 |
   Spider Nest |    465 |    447 |     18 |    197 |     87 |   2 |  232.5 |
  Orcish Mines |   1859 |   1516 |    343 |    123 |   1035 |   2 |  929.5 |
       Volcano |    269 |    269 |      0 |     48 |     10 |   1 |  269.0 |
               +--------+--------+--------+--------+--------+-----+--------+

Top non-repeatable levels by time:
     D:2: 1832 daAuts
     D:4: 1433 daAuts
  Lair:2: 1390 daAuts
  Lair:1: 1356 daAuts
    D:10: 1343 daAuts
     D:3: 1315 daAuts
    D:11: 1311 daAuts
  Lair:5: 1306 daAuts
   Orc:2: 1260 daAuts
     D:9: 1187 daAuts
    D:14: 1135 daAuts
  Lair:4: 1117 daAuts
    D:15: 1094 daAuts
     D:7: 1044 daAuts
  Lair:3: 1005 daAuts
